 Dungeon Sprint DCSS version 0.17.2-1-ge4368a0 (webtiles) character file.

87 mopl the Covert (level 4, -1/33 HPs)
             Began as a Spriggan Assassin on Aug 23, 2016.
             Was a Believer of Trog.
             Slain by an adder skeleton (2 damage)
             ... in the Dungeon (Sprint VII: "The Pits").
             The game lasted 00:00:38 (84 turns).

mopl the Covert (Spriggan Assassin)                   Turns: 84, Time: 00:00:38

Health: -1/33      AC:  3    Str: 12      XL:     4   Next: 28%
Magic:  5/5        EV: 17    Int: 12      God:    Trog [**....]
Gold:   0          SH:  0    Dex: 17 (18) Spells: 0 memorised, 3 levels left

rFire  . . .     SeeInvis +     a - +2 dagger
rCold  . . .     Clarity  .     c - +0 robe
rNeg   . . .     SustAt   .     (shield restricted)
rPois  .         Gourm    .     (helmet restricted)
rElec  .         Spirit   .     d - +0 cloak
rCorr  .         Warding  .     (gloves unavailable)
rMut   .         NoTele   +     (boots unavailable)
MR     .....                    (no amulet)
Stlth  ..........               (no ring)
                                (no ring)

@: berserking (expiring), lethally poisoned (-1 -> -3), very quick, not
resistant to hostile enchantments, extremely unstealthy
A: unfitting armour, see invisible, herbivore 3, speed 3, slow metabolism 2
a: Berserk, Trog's Hand, Burn Spellbooks, Renounce Religion


You were in the Dungeon.
You worshipped Trog.
Trog was pleased with you.
You were not hungry.

You visited 1 branch

Inventory:

Hand Weapons
 a - a +2 dagger (weapon)
 b - a +0 blowgun
Missiles
 e - 8 poisoned needles
 f - 2 curare-tipped needles
Armour
 c - a +0 robe (worn)
 d - a +0 cloak (worn)
Scrolls
 m - a scroll of blinking
 p - 3 scrolls of remove curse
 q - a scroll of summoning
 r - 2 scrolls of vulnerability
Potions
 h - a potion of curing
 i - a potion of heal wounds
 j - a potion of haste
 k - 4 potions of magic
 l - 3 potions of berserk rage {!q}
 o - 2 potions of invisibility
Comestibles
 g - 8 bread rations
 n - 40 fruits


   Skills:
 - Level 1.5 Fighting
 - Level 2.1 Short Blades
 * Level 7.2 Throwing
 - Level 1.5 Dodging
 + Level 9.5 Stealth


You had 3 spell levels left.
You didn't know any spells.

Dungeon Overview and Level Annotations

Branches:
Dungeon (1/1)

Altars:
Ashenzari
Cheibriados
Dithmenos
Elyvilon
Fedhas
Gozag
Kikubaaqudgha
Makhleb
Nemelex Xobeh
Okawaru
Qazlal
Ru
Sif Muna
Trog
Vehumet
Xom
Yredelemnul
Zin
The Shining One
Beogh
Jiyva
Lugonu


Innate Abilities, Weirdness & Mutations

You are tiny and cannot use many weapons and most armour.
You have supernaturally acute eyesight.
You are a herbivore.
You cover ground extremely quickly.
You need consume almost no food.


Message History

The quasit barely misses you.
The quasit claws you but does no damage. x2
The hobgoblin hits you with a club.
* * * LOW HITPOINT WARNING * * *
You puncture the quasit!
You kill the quasit!
Trog accepts your kill.
You can now call upon Trog for regeneration and protection from hostile enchantments.
Your Throwing skill increases to level 7!
Your Stealth skill increases to level 9!
You have reached level 4!
You feel your dexterity returning. The adder skeleton bites you.
* * * LOW HITPOINT WARNING * * *
You hit the hobgoblin.
The hobgoblin is severely wounded.
The hobgoblin misses you.
Unknown command.
You puncture the adder skeleton! The adder skeleton bites you.
You die...

#.#####'##############++
#_#)))'.'%.##...........
#_#)))#.#?(##......#..#
#######'#####..........
#...........'...........
#+#####'#####......#..#.
#..#..##...........
+..'.)#####'#####+
####@###.......#
#......gZ##.......#
#........##.......#
#####+#####...<...#
#.......# #.......#
#.......# #########


You could see a hobgoblin and an adder skeleton.

Vanquished Creatures
  A quasit (D)
  2 worker ants (D)
  A giant eyeball (D)
  2 kobolds (D)
6 creatures vanquished.

Vanquished Creatures (others)
  An orc (D)
1 creature vanquished.

Grand Total: 7 creatures vanquished

Notes
Turn   | Place    | Note
--------------------------------------------------------------
     0 | D        | mopl the Spriggan Assassin began the quest for the Orb.
     0 | D        | Reached XP level 1. HP: 10/10 MP: 2/2
    14 | D        | Reached skill level 3 in Throwing
    14 | D        | Reached skill level 6 in Stealth
    22 | D        | Found a sacrificial altar of Ru.
    22 | D        | Found a basalt altar of Yredelemnul.
    22 | D        | Found a shadowy altar of Dithmenos.
    22 | D        | Found a deep blue altar of Sif Muna.
    22 | D        | Found a burning altar of Makhleb.
    22 | D        | Found a shimmering altar of Xom.
    22 | D        | Found an ancient bone altar of Kikubaaqudgha.
    22 | D        | Found a sparkling altar of Nemelex Xobeh.
    23 | D        | Found a glowing golden altar of the Shining One.
    23 | D        | Found a bloodstained altar of Trog.
    23 | D        | Found a shattered altar of Ashenzari.
    23 | D        | Found a white marble altar of Elyvilon.
    23 | D        | Found a snail-covered altar of Cheibriados.
    23 | D        | Found a blossoming altar of Fedhas.
    23 | D        | Found a radiant altar of Vehumet.
    23 | D        | Found a glowing silver altar of Zin.
    23 | D        | Found a corrupted altar of Lugonu.
    23 | D        | Found a viscous altar of Jiyva.
    23 | D        | Found a roughly hewn altar of Beogh.
    23 | D        | Found an iron altar of Okawaru.
    26 | D        | Became a worshipper of Trog the Wrathful
    29 | D        | Found a stormy altar of Qazlal.
    29 | D        | Found an opulent altar of Gozag.
    60 | D        | Noticed a worker ant
    61 | D        | Killed a worker ant
    61 | D        | Reached skill level 5 in Throwing
    61 | D        | Reached skill level 8 in Stealth
    61 | D        | Reached XP level 2. HP: 14/14 MP: 3/3
    61 | D        | Reached XP level 3. HP: 18/18 MP: 4/4
    63 | D        | Reached * piety under Trog
    65 | D        | Noticed a worker ant
    65 | D        | Noticed a quasit
    69 | D        | Killed a worker ant
    69 | D        | Reached skill level 6 in Throwing
    82 | D        | Killed a quasit
    82 | D        | Reached ** piety under Trog
    82 | D        | Reached skill level 7 in Throwing
    82 | D        | Reached skill level 9 in Stealth
    82 | D        | Reached XP level 4. HP: 2/22 MP: 5/5
    82 | D        | HP: 1/33 [adder skeleton (1)]
    84 | D        | Slain by an adder skeleton

Action                   |  1- 3 |  4- 6 || total
-------------------------+-------+-------++-------
Melee: Dagger            |    22 |     2 ||    24
Invok: Berserk           |     1 |       ||     1
 Stab: Sleeping          |     3 |       ||     3
